[Event "44th Chess Olympiad Women 2022"]
[Site "Chennai"]
[Date "2022.08.02"]
[Round "5.44"]
[White "Eftovska, Lea"]
[Black "Burbach, Anya Belle"]
[Result "1-0"]
[ECO "C42"]
[WhiteElo "1634"]
[BlackElo "1375"]
[Annotator "NA RC COMBH"]
[PlyCount "73"]
[EventDate "2022.07.29"]
[EventType "team-tourn"]
[EventCountry "IND"]
[SourceTitle "playchess.com"]
[Source "ChessBase"]
[SourceQuality "1"]
[WhiteTeam "Macedonia"]
[BlackTeam "Thailand"]
[WhiteTeamCountry "MKD"]
[BlackTeamCountry "THA"]
[TimeControl "40/5400+30:1800+30"]

1. e4 e5 2. Nf3 Nf6 3. Nxe5 d6 4. Nf3 Nxe4 5. d4 d5 6. Bd3 Bd6 7. O-O O-O 8. c4 c6 9. Qc2 f5 10. Nc3 Be6 11. cxd5 cxd5 12. Nb5 Nc6 13. Nxd6 Qxd6 14. a3 Rac8 15. Qe2 Bf7 16. Qe3 Bh5 17. Qf4 Qf6 18. Ne5 Be8 19. Nxc6 Bxc6 20. Be3 g5 21. Qf3 f4 22. Bc1 Qxd4 23. Bxe4 Qxe4 24. Qh5 Rf7 25. Bd2 d4 26. f3 Qd5 27. Rfe1 Bd7 28. Rad1 Qc5 29. Bb4 Qd5 30. Bc3 d3 31. Re5 Qb3 32. Rxg5+ Kf8 33. Qh6+ Ke8 34. Re1+ Kd8 35. Rg8+ Be8 36. Qd6+ Rd7 37. Rgxe8# 1-0

[Event "44th Chess Olympiad Women 2022"]
[Site "Chennai"]
[Date "2022.08.02"]
[Round "5.44"]
[White "Buhagiar, Melita Sunan"]
[Black "Zhezhovska, Monika"]
[Result "1/2-1/2"]
[ECO "D02"]
[WhiteElo "1431"]
[BlackElo "1588"]
[Annotator "NA RC COMBH"]
[PlyCount "138"]
[EventDate "2022.07.29"]
[EventType "team-tourn"]
[EventCountry "IND"]
[SourceTitle "playchess.com"]
[Source "ChessBase"]
[SourceQuality "1"]
[WhiteTeam "Thailand"]
[BlackTeam "Macedonia"]
[WhiteTeamCountry "THA"]
[BlackTeamCountry "MKD"]
[TimeControl "40/5400+30:1800+30"]

1. d4 d5 2. Bf4 Nf6 3. e3 e6 4. Nf3 c5 5. Nbd2 Nc6 6. c3 Bd6 7. Bg3 O-O 8. Bd3 a6 9. a4 h6 10. Rc1 Qc7 11. dxc5 Bxg3 12. hxg3 e5 13. Be2 Re8 14. O-O Bf5 15. b4 Rad8 16. Nb3 Be6 17. Qc2 d4 18. exd4 Bxb3 19. Qxb3 exd4 20. Bc4 Ne4 21. Rfe1 dxc3 22. Red1 a5 23. b5 Nxc5 24. Qxc3 Rxd1+ 25. Rxd1 Ne4 26. Qb3 Nd8 27. b6 Qc5 28. Nd4 Qe5 29. Qb5 Nc3 30. Qxe5 Rxe5 31. Nf3 Nxd1 32. Nxe5 Nc3 33. Bb3 Kf8 34. f3 Ke7 35. Kf2 f6 36. Ng6+ Kd6 37. Ke3 Nd5+ 38. Bxd5 Kxd5 39. Kd3 Kc5 40. Kc3 Kxb6 41. Kc4 Kc7 42. Nf4 Kd6 43. Kb5 Nc6 44. Nh5 g5 45. Nxf6 Kc7 46. Ng4 h5 47. Nf6 h4 48. Ne4 b6 49. Nxg5 hxg3 50. Ne6+ Kb7 51. f4 Ne7 52. Nd4 Kc7 53. f5 Nd5 54. Ne2 Ne3 55. Nxg3 Nxg2 56. f6 Nf4 57. Ne4 Ne6 58. Nc3 Nd4+ 59. Kc4 Ne6 60. Kd5 Kd7 61. Ke5 Nf8 62. Nd5 Kc6 63. f7 Ng6+ 64. Kf6 Nf8 65. Ne7+ Kd6 66. Nc8+ Kc7 67. Ne7 Kd6 68. Nc8+ Kc7 69. Na7 Ng6 1/2-1/2

[Event "44th Chess Olympiad Women 2022"]
[Site "Chennai"]
[Date "2022.08.02"]
[Round "5.45"]
[White "Roy, Ali"]
[Black "Kaslan, Alexandra"]
[Result "1-0"]
[ECO "A07"]
[WhiteElo "1893"]
[BlackElo "1435"]
[Annotator "NA RC COMBH"]
[PlyCount "61"]
[EventDate "2022.07.29"]
[EventType "team-tourn"]
[EventCountry "IND"]
[SourceTitle "playchess.com"]
[Source "ChessBase"]
[SourceQuality "1"]
[WhiteTeam "Scotland"]
[BlackTeam "Surinam"]
[WhiteTeamCountry "SCO"]
[BlackTeamCountry "SUR"]
[TimeControl "40/5400+30:1800+30"]

1. Nf3 e6 2. g3 Nf6 3. Bg2 d5 4. O-O Nbd7 5. d3 Be7 6. Nbd2 O-O 7. e4 dxe4 8. dxe4 e5 9. Qe2 c6 10. b3 Qc7 11. a4 b6 12. Bb2 Re8 13. Rfd1 Bc5 14. Nh4 Nf8 15. Nf5 Ng6 16. h4 Ne7 17. g4 Ng6 18. g5 Nf4 19. Qf3 Nd7 20. Nc4 Nxg2 21. Kxg2 b5 22. Ncd6 Bxd6 23. Nxd6 Rf8 24. axb5 cxb5 25. Nxb5 Qxc2 26. Ba3 Qc6 27. Bxf8 Qxb5 28. Rd5 Qc6 29. Ba3 Bb7 30. Rad1 Nf8 31. Rd8 1-0

[Event "44th Chess Olympiad Women 2022"]
[Site "Chennai"]
[Date "2022.08.02"]
[Round "5.45"]
[White "Kaslan, Catherine"]
[Black "Cooke, Suzie G."]
[Result "1-0"]
[ECO "C06"]
[WhiteElo "1872"]
[BlackElo "1936"]
[Annotator "TA"]
[PlyCount "83"]
[EventDate "2022.07.29"]
[EventType "team-tourn"]
[EventCountry "IND"]
[SourceTitle "playchess.com"]
[Source "ChessBase"]
[SourceQuality "1"]
[WhiteTeam "Surinam"]
[BlackTeam "Scotland"]
[WhiteTeamCountry "SUR"]
[BlackTeamCountry "SCO"]
[TimeControl "40/5400+30:1800+30"]

1. e4 e6 2. d4 d5 3. Nd2 Nf6 4. e5 Nfd7 5. Bd3 c5 6. c3 Nc6 7. Ne2 cxd4 8. cxd4 f6 9. exf6 Nxf6 10. Nf3 Bd6 11. O-O Qc7 12. a3 O-O {[%emt 0:01:57] C06: French Tarrasch: 3...Nf6 4 e5 Nfd7 5 Bd3 main lines.} 13. Re1 e5 14. dxe5 Nxe5 {[%emt 0:01:20] The position is equal.} 15. Ned4 {[%emt 0:09:48] [#]} (15. Nxe5 $11 {keeps the balance.} Bxe5 16. h3) 15... Nxd3 $146 (15... Nfg4 $17 {White must now prevent ...Nxf3+.} 16. Bb1 Nxf3+ 17. Nxf3 Bxh2+ 18. Kf1 Qd6) ({Predecessor:} 15... Nxf3+ 16. Nxf3 Bg4 17. Be2 Bxf3 18. Bxf3 Bxh2+ 19. Kh1 Bf4 20. Bxd5+ Kh8 21. Bf3 Rae8 22. Bxf4 Qxf4 {0-1 (62) Naveen,A-Arribas Lopez,A (2434) Chess.com INT 2020}) 16. Qxd3 $11 Qf7 (16... Ng4 $5 ) 17. Bg5 Ne4 18. Bh4 {[%emt 0:10:04] Active counter play!} Bf5 (18... Bg4 $11 {remains equal.}) 19. Nxf5 $16 Qxf5 20. Rad1 Bc7 {[%emt 0:16:06] [#]} (20... Rae8 $16) 21. Qxd5+ (21. Qb5 $1 $18) 21... Qxd5 22. Rxd5 Nf6 23. Bxf6 Rxf6 (23... gxf6 $16 {is a better defense.} 24. Re7 Rad8 25. Rxd8 Rxd8) 24. Rd7 (24. Re7 $18 {is more deadly.} Rd8 25. Rxd8+ Bxd8 26. Rxb7) 24... Rc6 {[%emt 0:01:40] This costs Black the game.} (24... Rf7 $16 {was necessary.} 25. Ree7 Rxe7 26. Rxe7 Bb6) 25. g3 {[%emt 0:02:55] [#] Ree7 is the strong threat.} Bb6 $2 (25... Bd6 26. Rd1 Bc5 27. Rxb7 Rf8) 26. Ree7 $18 Rc2 $2 (26... Rg6 $18 27. Rxb7 Bc5) 27. Rxg7+ Kh8 28. Rxh7+ Kg8 29. Rdg7+ Kf8 30. Rf7+ Kg8 31. Ng5 (31. Ne5 $142 Bxf2+ 32. Kf1 Rc1+ 33. Kxf2 Rc2+ 34. Kf3 Rf2+ 35. Kxf2 Rd8 36. Rhg7+ Kh8 37. Ng6#) 31... Re8 32. Rhg7+ Kh8 33. Rg6 Rc7 34. Rxc7 Bxc7 {[%emt 0:00:07][%mdl 4096] Endgame KRB-KRN} 35. Re6 Rc8 36. Nf7+ Kg7 (36... Kg8 $142 37. Nd6 Rd8 38. Nxb7 Rd2) 37. Nd6 {[%emt 0:00:28] White is clearly winning.} Bxd6 38. Rxd6 Rc7 39. h4 b5 40. b4 a5 41. bxa5 Ra7 42. a6 {[%emt 0:00:19] Weighted Error Value: White=0.74/Black=0.84} 1-0

[Event "44th Chess Olympiad Women 2022"]
[Site "Chennai"]
[Date "2022.08.02"]
[Round "5.45"]
[White "Reid, Caitlin"]
[Black "Creebsburg, Shefali"]
[Result "1-0"]
[ECO "C42"]
[WhiteElo "1437"]
[BlackElo "1151"]
[Annotator "NA RC COMBH"]
[PlyCount "119"]
[EventDate "2022.07.29"]
[EventType "team-tourn"]
[EventCountry "IND"]
[SourceTitle "playchess.com"]
[Source "ChessBase"]
[SourceQuality "1"]
[WhiteTeam "Scotland"]
[BlackTeam "Surinam"]
[WhiteTeamCountry "SCO"]
[BlackTeamCountry "SUR"]
[TimeControl "40/5400+30:1800+30"]

1. e4 e5 2. Nf3 Nf6 3. Bc4 h6 4. Nxe5 d5 5. exd5 Nxd5 6. Nc3 Be6 7. Qf3 c6 8. O-O Qf6 9. Nxd5 Qxe5 10. Ne3 Bd6 11. g3 O-O 12. d3 Nd7 13. c3 Bc7 14. Bd2 Bxc4 15. Nxc4 Qf6 16. Qg4 Qe6 17. Qxe6 fxe6 18. Rfe1 Rae8 19. Re2 b5 20. Ne3 Nc5 21. d4 Ne4 22. Bc1 Bb6 23. Ng4 Ng5 24. Bxg5 hxg5 25. Ne5 c5 26. dxc5 Bc7 27. Nd7 Rf5 28. Rae1 e5 29. c6 g4 30. Re4 Rg5 31. a4 bxa4 32. Rxa4 a5 33. b4 axb4 34. cxb4 e4 35. Ra7 Bd6 36. Rb1 Rb5 37. Rb7 Rxb7 38. cxb7 Rd8 39. b8=Q Bxb8 40. Nxb8 Rxb8 41. b5 Kf7 42. Kf1 Ke6 43. Ke2 Kd5 44. Ke3 Ke5 45. b6 g5 46. Rb5+ Kf6 47. Kxe4 Re8+ 48. Kd5 Re5+ 49. Kc6 Re6+ 50. Kb7 Re7+ 51. Ka6 Re6 52. Ka7 Re7+ 53. b7 Kg6 54. Ka8 Re2 55. b8=Q Rxf2 56. Rb6+ Kf7 57. Qc7+ Kg8 58. Rb8+ Rf8 59. Rxf8+ Kxf8 60. Kb8 1-0

[Event "44th Chess Olympiad Women 2022"]
[Site "Chennai"]
[Date "2022.08.02"]
[Round "5.45"]
[White "Wijnhard, Joelle"]
[Black "Hughes, Rhian"]
[Result "0-1"]
[ECO "B01"]
[WhiteElo "1291"]
[BlackElo "1843"]
[Annotator "NA RC COMBH"]
[PlyCount "74"]
[EventDate "2022.07.29"]
[EventType "team-tourn"]
[EventCountry "IND"]
[SourceTitle "playchess.com"]
[Source "ChessBase"]
[SourceQuality "1"]
[WhiteTeam "Surinam"]
[BlackTeam "Scotland"]
[WhiteTeamCountry "SUR"]
[BlackTeamCountry "SCO"]
[TimeControl "40/5400+30:1800+30"]

1. e4 d5 2. exd5 Qxd5 3. Nc3 Qa5 4. Nf3 Nf6 5. Be2 c6 6. O-O Bf5 7. d3 e6 8. Bf4 Be7 9. Re1 Nbd7 10. h3 O-O 11. a3 Qd8 12. Qc1 Re8 13. Bf1 Nd5 14. Bd2 Nxc3 15. Bxc3 Bf6 16. Ne5 Nxe5 17. Bxe5 Bxe5 18. Rxe5 Qd4 19. Re3 e5 20. Rf3 Bg6 21. Rg3 Re6 22. Rb1 Rae8 23. Qe3 Qa4 24. Qd2 c5 25. Rg4 Qc6 26. Rg3 b5 27. b3 f5 28. Re3 f4 29. Ree1 f3 30. g3 Bf5 31. Re3 Rh6 32. Kh2 Bxh3 33. Bxh3 Qe6 34. g4 Qxg4 35. Rxf3 Qxf3 36. Qe3 Rxh3+ 37. Kg1 Qh1# 0-1

[Event "44th Chess Olympiad Women 2022"]
[Site "Chennai"]
[Date "2022.08.02"]
[Round "5.46"]
[White "Mouradian, Knarik"]
[Black "Seine, Rose Berline"]
[Result "1-0"]
[ECO "C24"]
[WhiteElo "2121"]
[BlackElo "1679"]
[Annotator "NA RC"]
[PlyCount "103"]
[EventDate "2022.07.29"]
[EventType "team-tourn"]
[EventCountry "IND"]
[SourceTitle "playchess.com"]
[Source "ChessBase"]
[SourceQuality "1"]
[WhiteTeam "Lebanon"]
[BlackTeam "Haiti"]
[WhiteTeamCountry "LBN"]
[BlackTeamCountry "HAI"]
[TimeControl "40/5400+30:1800+30"]

1. e4 e5 2. Bc4 Nf6 3. d3 c6 4. Nf3 d5 5. Bb3 Bd6 6. Nc3 h6 7. exd5 cxd5 8. Bxd5 Nxd5 9. Nxd5 O-O 10. O-O Nc6 11. h3 Be6 12. Nc3 Rc8 13. Ne4 Bb8 14. c3 Qc7 15. Re1 Rcd8 16. Qe2 b6 17. Ng3 Rd7 18. Nh5 f5 19. Bf4 Bd5 20. Nxe5 Nxe5 21. Bxe5 Qb7 22. Nf4 Bc6 23. Bxb8 Rxb8 24. Qe6+ Rf7 25. f3 Kh7 26. Qg6+ Kg8 27. Re6 Bd7 28. Re3 Rf6 29. Qg3 Bc6 30. Nh5 Rf7 31. Rae1 Kh7 32. Qf4 Rd8 33. h4 Qd7 34. Re6 Bd5 35. R6e5 Bxa2 36. d4 Bd5 37. Qe3 Qb7 38. Nf4 Bc6 39. h5 b5 40. Qd3 Qc8 41. Ng6 Bd7 42. Ne7 Qc4 43. Qb1 Rdf8 44. Ng6 Rb8 45. Rc5 Qb3 46. Ne5 a6 47. Nxd7 Rd8 48. Rxf5 Kg8 49. Nc5 Qc4 50. Rxf7 Qxf7 51. Qg6 Qc4 52. Ne6 1-0

[Event "44th Chess Olympiad Women 2022"]
[Site "Chennai"]
[Date "2022.08.02"]
[Round "5.46"]
[White "Darweeche, Roaa"]
[Black "Cadeau, Merisena"]
[Result "1/2-1/2"]
[ECO "A28"]
[WhiteElo "1548"]
[BlackElo "1439"]
[Annotator "NA RC COMBH"]
[PlyCount "140"]
[EventDate "2022.07.29"]
[EventType "team-tourn"]
[EventCountry "IND"]
[SourceTitle "playchess.com"]
[Source "ChessBase"]
[SourceQuality "1"]
[WhiteTeam "Lebanon"]
[BlackTeam "Haiti"]
[WhiteTeamCountry "LBN"]
[BlackTeamCountry "HAI"]
[TimeControl "40/5400+30:1800+30"]

1. Nf3 Nc6 2. c4 e5 3. d3 Nf6 4. Nc3 Bb4 5. Bd2 d6 6. a3 Bxc3 7. Bxc3 O-O 8. g3 Re8 9. e4 Bg4 10. h3 Be6 11. Bg2 Nd7 12. O-O f5 13. exf5 Bxf5 14. Nh4 Be6 15. Nf3 Rf8 16. b4 Qf6 17. Nd2 Qh6 18. Kh2 g5 19. Ne4 Nf6 20. Nxf6+ Rxf6 21. g4 Raf8 22. Qe2 Rf4 23. f3 Nd4 24. Bxd4 exd4 25. Rae1 R8f6 26. a4 Qh4 27. Qf2 Qxf2 28. Rxf2 Kf7 29. Rfe2 h6 30. b5 b6 31. a5 Ke7 32. Ra1 Kd7 33. axb6 axb6 34. Ra7 Rf8 35. Rea2 Rb8 36. Re2 Rf6 37. Kg3 d5 38. Ra4 dxc4 39. dxc4 Bf7 40. Re4 Rd6 41. Bf1 Bg6 42. Re1 c5 43. Ra7+ Kc8 44. Rd1 Rb7 45. Ra3 Re7 46. Kf2 Rf6 47. Bd3 Bxd3 48. Raxd3 Rfe6 49. R3d2 Re3 50. Rc1 Rf7 51. Re2 Rfxf3+ 52. Ke1 Rxe2+ 53. Kxe2 Rxh3 54. Rf1 h5 55. gxh5 g4 56. Rg1 g3 57. Kf3 d3 58. Ke3 g2+ 59. Kd2 Rxh5 60. Rxg2 Rh3 61. Rg5 Kc7 62. Rd5 Kc8 63. Rxd3 Rxd3+ 64. Kxd3 Kd7 65. Ke4 Ke6 66. Kf4 Kf6 67. Ke4 Ke6 68. Kf4 Kf6 69. Ke4 Ke6 70. Kf4 Kf6 1/2-1/2

[Event "44th Chess Olympiad Women 2022"]
[Site "Chennai"]
[Date "2022.08.02"]
[Round "5.46"]
[White "Jonet, Davena"]
[Black "Grishina, Alexandra"]
[Result "0-1"]
[ECO "B13"]
[WhiteElo "1458"]
[BlackElo "2012"]
[Annotator "NA RC"]
[PlyCount "50"]
[EventDate "2022.07.29"]
[EventType "team-tourn"]
[EventCountry "IND"]
[SourceTitle "playchess.com"]
[Source "ChessBase"]
[SourceQuality "1"]
[WhiteTeam "Haiti"]
[BlackTeam "Lebanon"]
[WhiteTeamCountry "HAI"]
[BlackTeamCountry "LBN"]
[TimeControl "40/5400+30:1800+30"]

1. e4 c6 2. Nf3 d5 3. exd5 cxd5 4. d4 Nc6 5. Be2 Nf6 6. c3 Bf5 7. Bf4 e6 8. Bd3 Bxd3 9. Qxd3 Qb6 10. b4 Be7 11. O-O O-O 12. a3 Rac8 13. Rc1 Ne4 14. c4 Qd8 15. c5 Bg5 16. Nxg5 Nxg5 17. f3 h6 18. Rd1 Qf6 19. Qe3 Rfe8 20. Nc3 Qg6 21. Re1 a6 22. b5 Na5 23. bxa6 bxa6 24. Na4 Nc4 25. Qc3 Nh3+ 0-1

[Event "44th Chess Olympiad Women 2022"]
[Site "Chennai"]
[Date "2022.08.02"]
[Round "5.46"]
[White "Dunat, Kinberlie"]
[Black "Fawaz, Nadia"]
[Result "0-1"]
[ECO "C50"]
[WhiteElo "1398"]
[BlackElo "1214"]
[Annotator "NA RC COMBH"]
[PlyCount "90"]
[EventDate "2022.07.29"]
[EventType "team-tourn"]
[EventCountry "IND"]
[SourceTitle "playchess.com"]
[Source "ChessBase"]
[SourceQuality "1"]
[WhiteTeam "Haiti"]
[BlackTeam "Lebanon"]
[WhiteTeamCountry "HAI"]
[BlackTeamCountry "LBN"]
[TimeControl "40/5400+30:1800+30"]

1. e4 e5 2. Nf3 Nc6 3. Bc4 Be7 4. d3 d6 5. Be3 Nf6 6. c3 Bg4 7. Nbd2 Na5 8. Bb3 Nxb3 9. axb3 O-O 10. Rxa7 Rxa7 11. Bxa7 b6 12. h3 Bxf3 13. Nxf3 Qa8 14. Qa1 Qb7 15. Bxb6 Qxb6 16. b4 Nh5 17. O-O Nf4 18. Qd1 Qb5 19. d4 exd4 20. Nxd4 Qg5 21. Qf3 Ng6 22. g3 Ne5 23. Qe2 Nd7 24. Kh2 g6 25. Qd1 Ra8 26. Qe2 Bf8 27. Nb5 Qd8 28. Qc4 Rb8 29. Nd4 Ne5 30. Qe2 c5 31. bxc5 dxc5 32. Nb5 Qb6 33. c4 Nxc4 34. Qxc4 Qxb5 35. Qxb5 Rxb5 36. Rb1 Bg7 37. b3 c4 38. b4 Bf8 39. Rc1 Rxb4 40. Rc2 Bg7 41. h4 c3 42. Kh3 Rb2 43. Rc1 Rxf2 44. g4 c2 45. Kg3 Bb2 0-1

[Event "44th Chess Olympiad Women 2022"]
[Site "Chennai"]
[Date "2022.08.02"]
[Round "5.47"]
[White "Zhang, Jasmine Haomo"]
[Black "Farrugia, Jamie"]
[Result "1-0"]
[ECO "B13"]
[WhiteElo "1972"]
[BlackElo "1547"]
[Annotator "TA"]
[PlyCount "105"]
[EventDate "2022.07.29"]
[EventType "team-tourn"]
[EventCountry "IND"]
[SourceTitle "playchess.com"]
[Source "ChessBase"]
[SourceQuality "1"]
[WhiteTeam "New Zealand"]
[BlackTeam "Malta"]
[WhiteTeamCountry "NZL"]
[BlackTeamCountry "MLT"]
[TimeControl "40/5400+30:1800+30"]

1. d4 d5 2. Bf4 Nf6 3. e3 c5 4. Nf3 Nc6 5. Nbd2 cxd4 6. exd4 Bg4 7. c3 e6 8. Qb3 Qc8 9. Bd3 Be7 10. O-O O-O 11. Ne5 Bh5 12. Qc2 Bd6 {[%emt 0:05:58] B13: Caro-Kann: Exchange Variation and Panov-Botvinnik Attack.} 13. h3 {[%emt 0:07:52] aiming for g4.} Qc7 {[%emt 0:11:12][%cal Rc6e5] [#]} 14. g4 $146 (14. Rae1 $142) ({Predecessor:} 14. Rfe1 Rfc8 15. Nxc6 Bxf4 16. Ne5 Bg6 17. Nxg6 Bxd2 18. Qxd2 hxg6 19. Re5 a6 20. a4 {½-½ (50) Sinygovsky,V (1313)-Markus,R (2181) LSS email 2010}) 14... Bg6 $11 {[%emt 0:05:18] The position is equal.} 15. Nxg6 fxg6 16. Bxd6 Qxd6 17. Rae1 Qf4 18. Re3 Rac8 19. Qd1 e5 20. dxe5 Nxe5 21. Qe2 (21. Be2 $11) 21... Rce8 $1 $19 {[%emt 0:04:02][%cal Re5g4] White must now prevent ...Nexg4!} 22. Re1 $2 {[%emt 0:17:08] [#]} (22. Rb1) 22... Nexg4 $1 23. hxg4 {[%emt 0:00:12] [#]} Nxg4 $1 24. Nf1 {[%emt 0:00:55] Against Qh2+} Nxe3 25. Nxe3 Qg5+ (25... Qh4 26. Qf1 $15) 26. Kf1 Qh4 27. Qd2 $2 (27. Kg2) 27... Qh1+ 28. Ke2 Qf3+ 29. Kf1 h5 $2 (29... Re5 $1 $19 30. Ng2 Rg5 $3 ) 30. Bxg6 (30. Kg1 $11 {and White is okay.}) 30... Re5 {[%emt 0:03:05] Hoping for ...Rf4.} 31. Bc2 h4 $2 (31... Qh1+ 32. Ke2 Qf3+ 33. Kd3 $17) ({Black should play} 31... Rf4 $19 {( -> ...Rh4)} 32. Bb3 (32. Ng2 $2 Rh4 $19) 32... Kf8 33. Bxd5 Rxd5 34. Nxd5 Rh4 35. Re8+ Kxe8 36. Qe3+ Qxe3 37. Nxe3 Rh1+ 38. Kg2 Rb1) 32. Bd1 $2 (32. Bb3 $1 $15 Rff5 33. Bxd5+ Rxd5 34. Nxd5 Rxd5 35. Qe3 Qxe3 36. Rxe3) 32... Qg3 $2 ({Inferior is} 32... Qh1+ 33. Ke2 Qf3+ 34. Kf1 $17) (32... Qf4 $19 {...h3 is the strong threat.} 33. Kg1 (33. Bb3 $2 Kh8 $19) 33... g6) 33. Ng4 $15 {[%emt 0:02:33] [#]} Ref5 {[%emt 0:02:39] [#]} ({But not} 33... Rxe1+ 34. Qxe1 Qf4 35. Qe6+ Qf7 36. Qxf7+ Kxf7 37. Ne5+ Ke6 38. Ng6 $16) (33... h3 $1 $11 34. Rxe5 Qg2+ 35. Ke1 Qg1+ 36. Ke2 Qxg4+ 37. Kd3 Qc4+ 38. Kc2 h2) 34. Qe3 {[%emt 0:00:18] The board is on fire.} (34. Re3 $1 $16 Qf4 35. Kg2) 34... Qd6 (34... Rf4 $14) 35. Qe6+ Qxe6 36. Rxe6 h3 (36... Rd8 $16) 37. Re3 $18 h2 38. Rh3 g6 $2 (38... Kf7 {is more resistant.} 39. Rxh2 Ke7) 39. Nh6+ Kg7 40. Nxf5+ Rxf5 41. Rxh2 {[%emt 0:30:07][%mdl 4096] Endgame KRB-KR} b6 42. Bc2 Rf6 43. Rg2 {[%emt 0:00:00][%cal Og2g6] Rxg6+! would kill now.} Kh6 {[%emt 0:03:04] [#]} 44. Rxg6+ $1 {[%emt 0:00:00] White mates.} Rxg6 45. Bxg6 Kxg6 {[%emt 0:00:03] KP-KP} 46. Ke2 Kf5 47. Ke3 Ke5 48. Kd3 b5 49. b3 a5 50. a3 Kd6 51. Kd4 Kc6 52. f4 Kd6 53. f5 {[%emt 0:00:00] Weighted Error Value: White=0.57/Black=0.82} 1-0

[Event "44th Chess Olympiad Women 2022"]
[Site "Chennai"]
[Date "2022.08.02"]
[Round "5.47"]
[White "Yu, Weiyang"]
[Black "Stagno, Milena"]
[Result "1-0"]
[ECO "B38"]
[WhiteElo "1504"]
[BlackElo "1448"]
[Annotator "NA RC COMBH"]
[PlyCount "53"]
[EventDate "2022.07.29"]
[EventType "team-tourn"]
[EventCountry "IND"]
[SourceTitle "playchess.com"]
[Source "ChessBase"]
[SourceQuality "1"]
[WhiteTeam "New Zealand"]
[BlackTeam "Malta"]
[WhiteTeamCountry "NZL"]
[BlackTeamCountry "MLT"]
[TimeControl "40/5400+30:1800+30"]

1. e4 c5 2. Nf3 Nc6 3. d4 cxd4 4. Nxd4 g6 5. c4 Bg7 6. Be3 Nf6 7. Nc3 O-O 8. Be2 d6 9. O-O Bd7 10. f3 Rc8 11. Rc1 a6 12. Qd2 Ne5 13. b3 Bc6 14. Kh1 Qd7 15. Bh6 Rfd8 16. Bxg7 Kxg7 17. Rcd1 b6 18. Nxc6 Qxc6 19. Nd5 Ned7 20. Nxe7 Qb7 21. Nxc8 Rxc8 22. Qxd6 Nc5 23. e5 Ne8 24. Qd5 Qe7 25. f4 Nb7 26. f5 Rd8 27. f6+ 1-0

[Event "44th Chess Olympiad Women 2022"]
[Site "Chennai"]
[Date "2022.08.02"]
[Round "5.47"]
[White "Psaila, Uranchimeg"]
[Black "Ning, Isabelle Yixuan"]
[Result "0-1"]
[ECO "A48"]
[WhiteElo "1395"]
[BlackElo "1853"]
[Annotator "NA RC COMBH"]
[PlyCount "44"]
[EventDate "2022.07.29"]
[EventType "team-tourn"]
[EventCountry "IND"]
[SourceTitle "playchess.com"]
[Source "ChessBase"]
[SourceQuality "1"]
[WhiteTeam "Malta"]
[BlackTeam "New Zealand"]
[WhiteTeamCountry "MLT"]
[BlackTeamCountry "NZL"]
[TimeControl "40/5400+30:1800+30"]

1. d4 Nf6 2. Bf4 g6 3. Nf3 Bg7 4. c3 O-O 5. h3 d6 6. e3 Nbd7 7. Nbd2 c5 8. Be2 b6 9. O-O Bb7 10. a4 a6 11. Bh2 Bc6 12. Qb3 Qc7 13. Qa3 Qb7 14. Rfb1 b5 15. b3 b4 16. cxb4 cxb4 17. Qc1 Rfc8 18. Qf1 Nd5 19. Rc1 Nc3 20. Nb1 Nxe2+ 21. Qxe2 Bxf3 22. Qxf3 Rxc1+ 0-1

[Event "44th Chess Olympiad Women 2022"]
[Site "Chennai"]
[Date "2022.08.02"]
[Round "5.48"]
[White "Almanzar Vasquez, Jeniffer Maria"]
[Black "Al Ghafri, Alanoud"]
[Result "1-0"]
[ECO "C45"]
[WhiteElo "1762"]
[BlackElo "1259"]
[Annotator "NA RC COMBH"]
[PlyCount "87"]
[EventDate "2022.07.29"]
[EventType "team-tourn"]
[EventCountry "IND"]
[SourceTitle "playchess.com"]
[Source "ChessBase"]
[SourceQuality "1"]
[WhiteTeam "Dominican Republic"]
[BlackTeam "OMA"]
[WhiteTeamCountry "DOM"]
[TimeControl "40/5400+30:1800+30"]

1. e4 e5 2. Nf3 Nc6 3. d4 exd4 4. Nxd4 Bc5 5. Nb3 Bb6 6. Nc3 d6 7. Qe2 Nf6 8. Bg5 Ne5 9. Nd5 Ned7 10. O-O-O O-O 11. f3 c6 12. Nxf6+ Nxf6 13. e5 Re8 14. Rxd6 Qxd6 15. exd6 Rxe2 16. Bxe2 Nd5 17. c4 Be3+ 18. Bxe3 Nxe3 19. Nc5 b6 20. d7 Bxd7 21. Nxd7 f6 22. Kd2 Nxg2 23. Nxf6+ gxf6 24. Rg1 Kf7 25. Rxg2 Rd8+ 26. Bd3 h6 27. Kc3 Rd7 28. Be4 c5 29. Bd5+ Ke7 30. Rg6 h5 31. h4 Kf8 32. Rxf6+ Kg7 33. Rf5 Kg6 34. Rg5+ Kh6 35. f4 Re7 36. Kd2 Re8 37. f5 Rf8 38. Be6 Rf6 39. Rg8 Kh7 40. Ra8 Kh6 41. Ke3 Kg7 42. Kf4 Rf8 43. Rxf8 Kxf8 44. Kg5 1-0

[Event "44th Chess Olympiad Women 2022"]
[Site "Chennai"]
[Date "2022.08.02"]
[Round "5.48"]
[White "Al Aisaee, Anat"]
[Black "Rosario Almanzar, Raydily"]
[Result "0-1"]
[ECO "B38"]
[WhiteElo "1681"]
[BlackElo "1882"]
[Annotator "NA RC COMBH"]
[PlyCount "106"]
[EventDate "2022.07.29"]
[EventType "team-tourn"]
[EventCountry "IND"]
[SourceTitle "playchess.com"]
[Source "ChessBase"]
[SourceQuality "1"]
[WhiteTeam "OMA"]
[BlackTeam "Dominican Republic"]
[BlackTeamCountry "DOM"]
[TimeControl "40/5400+30:1800+30"]

1. e4 c5 2. c4 Nc6 3. Nf3 d6 4. d4 cxd4 5. Nxd4 Nf6 6. Nc3 g6 7. Be2 Bg7 8. Be3 Bd7 9. O-O O-O 10. Rc1 Nxd4 11. Bxd4 Bc6 12. f3 Re8 13. Qd2 Qa5 14. Rfd1 Rac8 15. Kh1 b6 16. Rc2 h5 17. Rdc1 Kh7 18. Be3 Nd7 19. b3 Bb7 20. Nd5 Qxd2 21. Bxd2 Nc5 22. Bf1 Bh6 23. Bxh6 Kxh6 24. g3 Rcd8 25. Nc7 Rf8 26. Rd2 g5 27. Bh3 g4 28. Bg2 gxf3 29. Bxf3 Bxe4 30. Bxe4 Nxe4 31. Re2 Rd7 32. Nd5 f5 33. Rf1 Kg7 34. Nf4 Rh8 35. Ne6+ Kg6 36. Rxe4 fxe4 37. Nf8+ Rxf8 38. Rxf8 e5 39. Rf2 h4 40. Kg2 hxg3 41. hxg3 Kg5 42. Re2 Kf5 43. Re3 d5 44. cxd5 Rxd5 45. Re2 Rd3 46. Kh3 e3 47. Kh4 Ke4 48. g4 Kf3 49. Re1 Kf2 50. Rc1 e2 51. Rh1 Rd1 52. Rh2+ Kf3 53. Rh3+ Kf4 0-1

[Event "44th Chess Olympiad Women 2022"]
[Site "Chennai"]
[Date "2022.08.02"]
[Round "5.48"]
[White "Al Bulushi, Rawan"]
[Black "Diaz Cesar, Wilsaida Pieranlly"]
[Result "1/2-1/2"]
[ECO "A16"]
[WhiteElo "1442"]
[BlackElo "1834"]
[Annotator "NA RC COMBH"]
[PlyCount "74"]
[EventDate "2022.07.29"]
[EventType "team-tourn"]
[EventCountry "IND"]
[SourceTitle "playchess.com"]
[Source "ChessBase"]
[SourceQuality "1"]
[WhiteTeam "OMA"]
[BlackTeam "Dominican Republic"]
[BlackTeamCountry "DOM"]
[TimeControl "40/5400+30:1800+30"]

1. c4 Nf6 2. g3 g6 3. Bg2 Bg7 4. Nf3 d6 5. Nc3 Nbd7 6. d3 O-O 7. O-O c6 8. Re1 e5 9. e4 Re8 10. d4 Qe7 11. d5 c5 12. a4 Nb8 13. Bd2 Na6 14. Na2 Nd7 15. Qc2 Qf8 16. b4 cxb4 17. Nxb4 Ndc5 18. Nxa6 Nxa6 19. Be3 Bg4 20. Rab1 Qe7 21. h3 Bxf3 22. Bxf3 Rec8 23. Bg2 Rc7 24. Rec1 h5 25. Qd2 Qd7 26. Qa2 Kh7 27. h4 Bh6 28. Bxh6 Kxh6 29. Qd2+ Kg7 30. f4 exf4 31. Qxf4 Nc5 32. e5 dxe5 33. Qxe5+ f6 34. Qd4 Qd6 35. Qf4 Rd8 36. Qxd6 Rxd6 37. a5 f5 1/2-1/2